 Dungeon Crawl Stone Soup version 0.31.0-11-ge490571c62 (webtiles) character file.

Game seed: 9109474888709882686

98 qw the Shooter (level 4, -1/25 HPs)
             Began as a Deep Elf Hunter on Feb 4, 2024.
             Killed from afar by an orc wizard (4 damage)
             ... with a magic dart
             ... on level 3 of the Dungeon.
             The game lasted 00:00:05 (1367 turns).

qw the Shooter (Deep Elf Hunter)                    Turns: 1367, Time: 00:00:05

Health: -1/25      AC:  7    Str:  9    XL:     4   Next: 43%
Magic:  6/6        EV: 11    Int: 13    God:
Gold:   118        SH:  0    Dex: 22    Spells: 3/3 levels left

rFire   . . .        a - +0 shortbow
rCold   . . .        (shield currently unavailable)
rNeg    . . .        k - +0 ring mail
rPois   .            l - +0 helmet
rElec   .            d - +0 cloak
rCorr   .            (no gloves)
SInv    .            (no boots)
Will    .....        (no amulet) Stlth
                     (no ring)
HPRegen 0.24/turn    (no ring)
MPRegen 0.10/turn

%: no passive effects
@: confused
A: agile 1, wild magic 1
a: no special abilities


You were on level 3 of the Dungeon.
You visited 1 branch of the dungeon, and saw 3 of its levels.

You collected 118 gold pieces.


Innate Abilities, Weirdness & Mutations

You are agile. (Dex +4, Str/Int -1)
Your spells are a little harder to cast, but a little more powerful.


   Skills:
 - Level 1.5 Fighting
 + Level 7.9 Ranged Weapons
 - Level 2.4 Dodging
 - Level 1.2 Stealth


You had 3 spell levels left.
You didn't know any spells.
Your spell library was empty.

Inventory:

Hand Weapons
 a - a +0 shortbow (weapon)
Armour
 d - a +0 cloak (worn)
 k - a +0 ring mail (worn)
 l - a +0 helmet (worn)
Scrolls
 c - a scroll of enchant weapon {unknown}
 h - a scroll of amnesia {unknown}
Potions
 b - a potion of heal wounds {unknown}
 e - a potion of might
 f - a potion of mutation

Dungeon Overview and Level Annotations

Branches:
Dungeon (3/15)

Altars:

Shops:
D:1 :


Message History

You shoot an arrow. The arrow hits the orc wizard!
The orc wizard is severely wounded.
The orc wizard points at you and mumbles some strange words.
The puff of flame misses you.
You shoot an arrow.
The arrow hits the orc wizard but does no damage.
The orc wizard is severely wounded.
The orc wizard barely misses you.
You shoot an arrow. The arrow hits the orc wizard.
The orc wizard is almost dead.
The orc wizard points at you and mumbles some strange words.
You are confused.
1355 ||| DRINKING potion of curing.
You feel better.
1355 ||| (to cure confusion)
The orc wizard barely misses you.
You shoot an arrow. The arrow barely misses the orc wizard.
The orc wizard points at you and mumbles some strange words.
You are confused.
The orc wizard gestures at you while chanting.
The magic dart hits you.
The orc wizard hits you but does no damage.
The orc wizard casts a spell at you.
You are more confused.
The orc wizard closely misses you.
The orc wizard hits you with a +0 dagger.
The orc wizard gestures at you while chanting.
The magic dart hits you! The orc wizard casts a spell at you.
The puff of flame hits you.
The orc wizard hits you with a +0 dagger.
The orc wizard gestures wildly while chanting.
The orc wizard flickers and vanishes!
Deactivating autopickup; reactivate with Ctrl-A.
You shoot an arrow. Something hits you.
You shoot an arrow.
You hear some strange, mumbled words.
A magic dart appears from out of thin air!
The magic dart hits you.
You die...

.. {)# .. #.#..#
.###.#..# ...o#..#
...#.. ..#.. ####.#.#
####....#.#########
###......%#@........#
##.........{.#######.#
##..........#.#
####.#######
#..####.###.#.#
#..........#
##..##...# #.#.#
#....[.....#
#...#....# #.#.#
#..........#
#...#....###.#.#
#..........#
##........##..#.#
#...........
#....#######..#.#
#...........


There were no monsters in sight!

Vanquished Creatures
  An orc wizard (D:3)
  4 adders (D:2)
  2 dart slugs
  An orc (D:3)
  A ball python (D:1)
  2 bats
  4 endoplasms
  2 goblins
  5 hobgoblins
  A jackal (D:3)
  4 kobolds
  A quokka (D:1)
  3 frilled lizards
31 creatures vanquished.

Notes
Turn   | Place    | Note
-------+----------+-------------------------------------------
     0 | D:1      | qw the Deep Elf Hunter began the quest for the Orb.
     0 | D:1      | Reached XP level 1. HP: 12/12 MP: 3/3
     0 | D:1      | 0 ||| qw: Version: 0.3-a-160-g6735b56
     0 | D:1      | 0 ||| qw: Game counter: 4563
     0 | D:1      | 0 ||| qw: Melee chars always use a shield: true
     0 | D:1      | 0 ||| qw: God list: Okawaru
     0 | D:1      | 0 ||| qw: Allow faded altars: false
     0 | D:1      | 0 ||| qw: Do Orc after clearing Dungeon:15 true
     0 | D:1      | 0 ||| qw: Do second Lair branch before Depths: true
     0 | D:1      | 0 ||| qw: Lair rune preference: random
     0 | D:1      | 0 ||| qw: Goals: Normal
     0 | D:1      | 0 ||| PLANNING D:1-11
    79 | D:1      | Found Gaem's Book Boutique.
   198 | D:1      | Reached XP level 2. HP: 16/16 MP: 4/4
   348 | D:1      | Reached skill level 6 in Ranged Weapons
   625 | D:1      | 625 ||| UPGRADING to +0 cloak.
   630 | D:1      | 630 ||| READING scroll labelled PUVVATO CAANN.
   631 | D:1      | 631 ||| READING scroll labelled ASEROL UDWA.
   636 | D:1      | 636 ||| DRINKING 2 cyan potions.
   637 | D:1      | 637 ||| DRINKING 2 clear potions.
   638 | D:1      | 638 ||| DROPPING scroll of butterflies.
   696 | D:2      | Reached XP level 3. HP: 19/20 MP: 5/5
   770 | D:2      | Reached skill level 7 in Ranged Weapons
  1070 | D:2      | Found a faded altar of an unknown god.
  1073 | D:2      | 1073 ||| UPGRADING to +0 ring mail.
  1083 | D:2      | 1083 ||| DROPPING +0 leather armour.
  1084 | D:2      | 1084 ||| UPGRADING to +0 helmet.
  1089 | D:2      | 1089 ||| READING scroll labelled KIUGEITTUNUI.
  1090 | D:2      | 1090 ||| READING scroll labelled CUKOGR EFRUNN.
  1091 | D:2      | 1091 ||| READING scroll labelled JOPNEX VIYGANG.
  1092 | D:2      | 1092 ||| READING scroll labelled QUEKEAGOCU.
  1193 | D:2      | 1193 ||| READING scroll labelled PEOQOY EFRIAFF.
  1193 | D:2      | 1193 ||| IDENTIFYING silvery potion
  1194 | D:2      | 1194 ||| DRINKING 2 sedimented dark potions.
  1194 | D:2      | Gained mutation: You are agile. (Dex +4, Str/Int -1)
                  | [potion of mutation]
  1194 | D:2      | Gained mutation: Your spells are a little harder to cast,
                  | but a little more powerful. [potion of mutation]
  1195 | D:2      | 1195 ||| DRINKING 2 pink potions.
  1196 | D:2      | 1196 ||| DROPPING potion of degeneration.
  1197 | D:2      | 1197 ||| DROPPING potion of invisibility.
  1294 | D:3      | Reached XP level 4. HP: 25/25 MP: 6/6
  1340 | D:3      | 1340 ||| FLEEEEING.
  1341 | D:3      | 1341 ||| FLEEEEING.
  1342 | D:3      | 1342 ||| FLEEEEING.
  1355 | D:3      | 1355 ||| DRINKING potion of curing.
  1355 | D:3      | 1355 ||| (to cure confusion)
  1364 | D:3      | HP: 5/25 [orc wizard/+0 dagger (3)]
  1367 | D:3      | Killed from afar by an orc wizard

Levels and vault maps discovered:
D:1:      ebering_trefoil_twist, layout_loops_ring, serial_shops,
          nicolae_book_shop_shelving
D:2:      layout_rooms, hellmonk_ecumenical_altar_prayer_group
D:3:      minmay_recursive_quarters, layout_basic, dk_vineyard_1

Skill      XL: |  1  2  3 |
---------------+----------+-----
Ranged Weapons | 6 7 |  7.9
Fighting       | |  1.5
Dodging        | |  2.4
Stealth        | |  1.2

Action                     |  1- 3 |  4- 6 || total
---------------------------+-------+-------++-------
   Fire: Shortbow          |    88 |    25 ||   113
    Use: Scroll            |     7 |       ||     7
         Potion            |     4 |     1 ||     5
 Armour: Leather armour    |    17 |       ||    17
         Ring mail         |     5 |    15 ||    20
  Dodge: Dodged            |    22 |     6 ||    28

Table legend:
 A = Non-vault XP
 B = Vault XP
 C = Vault XP percentage of total XP
 D = Non-vault monster count
 E = Vault monster count
 F = Vault count percentage of total count
                 A         B        C        D         E       F
            +---------+---------+-------+---------+---------+-------
      Total |     138 |       2 |   1.4 |      30 |       1 |   3.2
            +---------+---------+-------+---------+---------+-------
        D:1 |      26 |       0 |   0.0 |      13 |       0 |   0.0
        D:2 |      67 |       0 |   0.0 |      11 |       0 |   0.0
        D:3 |      45 |       2 |   4.3 |       6 |       1 |  14.3
            +---------+---------+-------+---------+---------+-------
